[Event "Live Chess"]
[Site "Chess.com"]
[Date "2021.05.21"]
[Round "2"]
[White "ecwinslow"]
[Black "rimus11"]
[Result "1-0"]
[CurrentPosition "3q2k1/1p2RQpp/2b1r3/p1P3P1/3P1P2/3B3P/P6K/8 b - -"]
[Timezone "UTC"]
[ECO "B14"]
[ECOUrl "https://www.chess.com/openings/Caro-Kann-Defense-Panov-Attack...5.Nc3-e6-6.Nf3-Bb4"]
[UTCDate "2021.05.21"]
[UTCTime "01:30:56"]
[WhiteElo "2278"]
[BlackElo "1513"]
[TimeControl "3600+5"]
[Termination "ecwinslow won on time"]
[StartTime "01:30:56"]
[EndDate "2021.05.21"]
[EndTime "03:24:42"]
[Link "https://www.chess.com/game/live/15299569059"]

1. e4 c6 2. d4 d5 3. exd5 cxd5 4. c4 Nf6 5. Nc3 e6 6. Nf3 Bb4 7. Bd3 Bxc3+ 8. bxc3 O-O 9. O-O Bd7 10. Bg5 Bc6 11. Ne5 Nbd7 12. Nxd7 Bxd7 13. cxd5 exd5 14. Qf3 Bc6 15. Rfe1 Qd6 16. Bf4 Qd7 17. h3 Ne4 18. c4 f5 19. c5 Rf6 20. Be5 Rg6 21. Qf4 Rf8 22. f3 Ng5 23. Kh2 Ne6 24. Qd2 Qf7 25. f4 Rh6 26. Qf2 Qd7 27. Rab1 Nc7 28. Re3 Ne8 29. Qc2 Rh5 30. Rbe1 Nf6 31. Bxf6 Rxf6 32. Re7 Qc8 33. Qe2 Rhh6 34. Qe5 a5 35. Re3 Rhg6 36. g4 Bd7 37. g5 Re6 38. Qxd5 Bc6 39. Qxf5 Qd8 40. R3xe6 Rxe6 41. Qf7+ 1-0

[Event "Live Chess"]
[Site "Chess.com"]
[Date "2021.05.21"]
[Round "2"]
[White "aanval22"]
[Black "FlightsOfFancy"]
[Result "0-1"]
[CurrentPosition "4k3/5p2/4p2p/pp1b4/2r5/K1bR4/P1P3PP/6R1 w k -"]
[Timezone "UTC"]
[ECO "B56"]
[ECOUrl "https://www.chess.com/openings/Sicilian-Defense-Open-Classical-Variation"]
[UTCDate "2021.05.21"]
[UTCTime "01:31:00"]
[WhiteElo "1288"]
[BlackElo "2155"]
[TimeControl "3600+5"]
[Termination "FlightsOfFancy won by resignation"]
[StartTime "01:31:00"]
[EndDate "2021.05.21"]
[EndTime "02:23:50"]
[Link "https://www.chess.com/game/live/15299569457"]

1. e4 c5 2. Nf3 Nc6 3. d4 cxd4 4. Nxd4 Nf6 5. Nc3 d6 6. Bg5 e6 7. Qd2 a6 8. O-O-O Bd7 9. f4 b5 10. e5 dxe5 11. Nxc6 Bxc6 12. Qe1 Qc7 13. fxe5 Nd7 14. Qg3 Rc8 15. Bd3 h6 16. Be3 Nxe5 17. Bf4 Bd6 18. Qxg7 Nxd3+ 19. Kb1 Be5 20. Qxh8+ Bxh8 21. Bxc7 Nxb2 22. Kxb2 Rxc7 23. Kb3 Bxc3 24. Rhg1 Bd5+ 25. Ka3 a5 26. Rd3 Rc4 0-1

[Event "Live Chess"]
[Site "Chess.com"]
[Date "2021.05.21"]
[Round "2"]
[White "Charvii"]
[Black "nathanf314"]
[Result "0-1"]
[CurrentPosition "2r3k1/6pp/1b3p2/pP6/P4r2/3p2NP/6PK/3R4 w - -"]
[Timezone "UTC"]
[ECO "B32"]
[ECOUrl "https://www.chess.com/openings/Sicilian-Defense-Open-Lowenthal-Variation"]
[UTCDate "2021.05.21"]
[UTCTime "01:31:03"]
[WhiteElo "1032"]
[BlackElo "2004"]
[TimeControl "3600+5"]
[Termination "nathanf314 won by resignation"]
[StartTime "01:31:03"]
[EndDate "2021.05.21"]
[EndTime "02:07:18"]
[Link "https://www.chess.com/game/live/15299569713"]

1. e4 c5 2. Nf3 Nc6 3. d4 cxd4 4. Nxd4 e5 5. Nxc6 bxc6 6. Bc4 Nf6 7. Nc3 Bb4 8. Qd3 d5 9. exd5 cxd5 10. Bb5+ Bd7 11. Bxd7+ Qxd7 12. O-O O-O 13. Qg3 Qf5 14. Nd1 Rfe8 15. Ne3 Qe6 16. c3 Bc5 17. b4 Bb6 18. Rd1 d4 19. cxd4 exd4 20. Nf1 Ne4 21. Qd3 Nc3 22. Rd2 a5 23. b5 Rac8 24. h3 Ne2+ 25. Rxe2 Qxe2 26. Qxe2 Rxe2 27. Bf4 f6 28. Ng3 Rb2 29. a4 d3 30. Rd1 Rxf2 31. Kh2 Rxf4 0-1

[Event "Live Chess"]
[Site "Chess.com"]
[Date "2021.05.21"]
[Round "2"]
[White "kclemens"]
[Black "2Nf31-0"]
[Result "1-0"]
[CurrentPosition "3k4/5R2/2P1p1p1/3nP1p1/3P4/5P2/5PKP/8 b - -"]
[Timezone "UTC"]
[ECO "A46"]
[ECOUrl "https://www.chess.com/openings/Indian-Game-Knights-Variation"]
[UTCDate "2021.05.21"]
[UTCTime "01:31:02"]
[WhiteElo "1997"]
[BlackElo "1008"]
[TimeControl "3600+5"]
[Termination "kclemens won by resignation"]
[StartTime "01:31:02"]
[EndDate "2021.05.21"]
[EndTime "03:05:37"]
[Link "https://www.chess.com/game/live/15299570351"]

1. Nf3 Nf6 2. d4 d5 3. c4 e6 4. Nc3 Be7 5. Bg5 O-O 6. e3 c6 7. Bd3 Nbd7 8. O-O h6 9. Bh4 dxc4 10. Bxc4 Nd5 11. Bxe7 Qxe7 12. Ne4 N7f6 13. Ng3 b5 14. Bd3 Bb7 15. Qe2 Nd7 16. Rac1 Rac8 17. a3 a6 18. Bb1 c5 19. Rfe1 c4 20. e4 N5b6 21. e5 Nd5 22. Qc2 g6 23. Ne4 b4 24. Nd6 Rc7 25. axb4 Nxb4 26. Qd2 Bxf3 27. gxf3 Qg5+ 28. Qxg5 hxg5 29. Ne4 Nb6 30. b3 Rd8 31. Red1 Rdd7 32. Nf6+ Kg7 33. Nxd7 Nxd7 34. Rxc4 Rxc4 35. bxc4 Nb6 36. Rc1 a5 37. Be4 Kf8 38. c5 N6d5 39. Bxd5 Nxd5 40. c6 Nc7 41. Ra1 Ke8 42. Rxa5 Ke7 43. Ra7 Kd8 44. Kg2 Nd5 45. Rxf7 1-0

[Event "Live Chess"]
[Site "Chess.com"]
[Date "2021.05.21"]
[Round "2"]
[White "BirdOrBust"]
[Black "suindu12"]
[Result "0-1"]
[CurrentPosition "2r2r1k/1p2qpp1/p3p2p/P2pbb1n/3p1P2/1P1PP3/2PN1QPP/R3R2K w - -"]
[Timezone "UTC"]
[ECO "A03"]
[ECOUrl "https://www.chess.com/openings/Birds-Opening-Dutch-Lasker-Variation"]
[UTCDate "2021.05.21"]
[UTCTime "01:31:13"]
[WhiteElo "1873"]
[BlackElo "1181"]
[TimeControl "3600+5"]
[Termination "suindu12 won by resignation"]
[StartTime "01:31:13"]
[EndDate "2021.05.21"]
[EndTime "02:17:51"]
[Link "https://www.chess.com/game/live/15299571279"]

1. f4 d5 2. Nf3 c5 3. e3 Nf6 4. b3 Bf5 5. Bb2 e6 6. Bb5+ Nbd7 7. O-O Be7 8. d3 O-O 9. Bxd7 Qxd7 10. Nbd2 Rac8 11. Ne5 Qc7 12. Qe1 h6 13. Qg3 Kh8 14. a4 a6 15. a5 Bd6 16. Kh1 Qe7 17. Rfe1 Nh5 18. Qf2 Bxe5 19. Bd4 cxd4 0-1

[Event "Live Chess"]
[Site "Chess.com"]
[Date "2021.05.21"]
[Round "2"]
[White "maturner"]
[Black "fiddleleaf"]
[Result "1-0"]
[CurrentPosition "5n2/5kp1/3Qp3/pp5P/8/P4p2/1PP5/1K6 w - -"]
[Timezone "UTC"]
[ECO "B18"]
[ECOUrl "https://www.chess.com/openings/Caro-Kann-Defense-Classical-Variation-5.Ng3-Bg6-6.Nf3-Nd7"]
[UTCDate "2021.05.21"]
[UTCTime "01:31:12"]
[WhiteElo "1853"]
[BlackElo "1574"]
[TimeControl "3600+5"]
[Termination "maturner won by resignation"]
[StartTime "01:31:12"]
[EndDate "2021.05.21"]
[EndTime "03:34:01"]
[Link "https://www.chess.com/game/live/15299571503"]

1. e4 c6 2. d4 d5 3. Nc3 dxe4 4. Nxe4 Bf5 5. Ng3 Bg6 6. Nf3 Nd7 7. h4 h6 8. h5 Bh7 9. Bd3 Bxd3 10. Qxd3 Ngf6 11. Bd2 e6 12. O-O-O c5 13. Rhe1 Be7 14. Kb1 Qc7 15. Qe2 cxd4 16. Nxd4 Qb6 17. Ndf5 Ba3 18. Bc1 O-O 19. Ne3 Bc5 20. f4 a5 21. Nc4 Qc7 22. Ne4 Be7 23. g4 Rfc8 24. Ncd6 Rd8 25. g5 hxg5 26. fxg5 Nxe4 27. Nxe4 Rac8 28. g6 f5 29. Ng5 Bxg5 30. Bxg5 Nf8 31. Bxd8 Rxd8 32. Rxd8 Qxd8 33. Rd1 Qc7 34. Qf3 Qc8 35. a3 b5 36. Rd6 Qc7 37. Qc6 Qb8 38. Qb6 Qe8 39. Rd8 Qe7 40. Qd6 Qf6 41. Rb8 f4 42. Rb7 f3 43. Rf7 Qxf7 44. gxf7+ Kxf7 1-0

[Event "Live Chess"]
[Site "Chess.com"]
[Date "2021.05.21"]
[Round "2"]
[White "victor6688"]
[Black "cccalboy"]
[Result "0-1"]
[CurrentPosition "4r3/p2k4/1p1b4/3p1p2/5P1P/5KP1/Pn6/8 w - -"]
[Timezone "UTC"]
[ECO "B13"]
[ECOUrl "https://www.chess.com/openings/Caro-Kann-Defense-Exchange-Variation-3...cxd5-4.Nf3"]
[UTCDate "2021.05.21"]
[UTCTime "01:31:20"]
[WhiteElo "1203"]
[BlackElo "1794"]
[TimeControl "3600+5"]
[Termination "cccalboy won by resignation"]
[StartTime "01:31:20"]
[EndDate "2021.05.21"]
[EndTime "02:39:22"]
[Link "https://www.chess.com/game/live/15299571917"]

1. e4 c6 2. d4 d5 3. exd5 cxd5 4. Nf3 Nc6 5. Bb5 Nf6 6. Ne5 Qc7 7. Bf4 Bd7 8. Ng6 Qa5+ 9. Bd2 Qxb5 10. Nxh8 Qxb2 11. Nc3 Nxd4 12. O-O Qxc2 13. Bg5 Qxc3 14. Bxf6 exf6 15. Rc1 Qb4 16. Re1+ Be6 17. Qh5 Be7 18. Qxh7 Kd7 19. Qxg7 Nf5 20. Qh7 Qh4 21. Qxh4 Nxh4 22. Nxf7 Bxf7 23. Rc2 Bd6 24. Rb1 b6 25. g3 Bg6 26. Rcb2 Bxb1 27. Rxb1 Nf3+ 28. Kg2 Ne5 29. f4 Nc4 30. Kf3 Re8 31. Rb2 f5 32. h4 Nxb2 0-1

[Event "Live Chess"]
[Site "Chess.com"]
[Date "2021.05.21"]
[Round "2"]
[White "Ivanzong"]
[Black "KingSmasher35"]
[Result "0-1"]
[CurrentPosition "8/8/7p/8/6p1/8/4K1k1/5q2 w - -"]
[Timezone "UTC"]
[ECO "D02"]
[ECOUrl "https://www.chess.com/openings/Queens-Pawn-Opening-Symmetrical-Variation"]
[UTCDate "2021.05.21"]
[UTCTime "01:31:13"]
[WhiteElo "1081"]
[BlackElo "1789"]
[TimeControl "3600+5"]
[Termination "KingSmasher35 won by resignation"]
[StartTime "01:31:13"]
[EndDate "2021.05.21"]
[EndTime "03:35:15"]
[Link "https://www.chess.com/game/live/15299572797"]

1. d4 Nf6 2. Nf3 d5 3. e3 Bf5 4. Be2 e6 5. b3 h6 6. Bb2 Bd6 7. Nbd2 O-O 8. O-O c5 9. c4 Nc6 10. Rc1 Qe7 11. Ne5 Rfd8 12. Ndf3 a5 13. Bd3 Bxd3 14. Qxd3 a4 15. Rfd1 Nb4 16. Qe2 Nxa2 17. Ra1 axb3 18. Qd3 cxd4 19. exd4 dxc4 20. Qxc4 Nb4 21. Qxb3 Nfd5 22. Qc4 Rac8 23. Qf1 Rc2 24. Ba3 Rdc8 25. Rac1 Rxc1 26. Rxc1 Rxc1 27. Qxc1 Qc7 28. Qxc7 Bxc7 29. Kf1 Nc2 30. Bb2 f6 31. Nd3 Kf7 32. Ke2 g5 33. h3 b6 34. Kd2 Ncb4 35. Nxb4 Nxb4 36. Kc3 Nd5+ 37. Kc4 Nf4 38. Ne1 Ke7 39. Bc1 Kd7 40. Kb5 e5 41. Bxf4 exf4 42. Nd3 f5 43. Nb4 g4 44. hxg4 fxg4 45. Nd5 f3 46. g3 Bd8 47. Nxb6+ Bxb6 48. Kxb6 Kd6 49. Kb5 Kd5 50. Kb6 Kxd4 51. Kc6 Kd3 52. Kd5 Ke2 53. Ke4 Kxf2 54. Kd3 Kxg3 55. Kd2 Kg2 56. Ke1 f2+ 57. Ke2 f1=Q+ 0-1

[Event "Live Chess"]
[Site "Chess.com"]
[Date "2021.05.21"]
[Round "2"]
[White "Bruce_Hedman"]
[Black "Talenuf"]
[Result "0-1"]
[CurrentPosition "6k1/2R2ppp/p3p3/4N3/5P2/5b2/6rr/B4RK1 w - -"]
[Timezone "UTC"]
[ECO "E00"]
[ECOUrl "https://www.chess.com/openings/Indian-Game-East-Indian-Benoni-Defense"]
[UTCDate "2021.05.21"]
[UTCTime "01:31:21"]
[WhiteElo "1043"]
[BlackElo "1900"]
[TimeControl "3600+5"]
[Termination "Talenuf won by checkmate"]
[StartTime "01:31:21"]
[EndDate "2021.05.21"]
[EndTime "02:57:55"]
[Link "https://www.chess.com/game/live/15299573063"]

1. d4 Nf6 2. c4 e6 3. Nc3 c5 4. e3 d5 5. cxd5 Nxd5 6. Nf3 Nc6 7. Bb5 a6 8. Bxc6+ bxc6 9. O-O Qc7 10. Ne5 Bd6 11. f4 O-O 12. Ne4 cxd4 13. Nxd6 Qxd6 14. Qxd4 c5 15. Qd2 Qc7 16. b3 Bb7 17. Bb2 Rad8 18. e4 Nf6 19. Qe3 Nxe4 20. Rac1 Rd2 21. Ba1 Rfd8 22. b4 Rxa2 23. bxc5 Rdd2 24. Qf3 Nxc5 25. Rxc5 Bxf3 26. Rxc7 Rxg2+ 27. Kh1 Rxh2+ 28. Kg1 Rag2# 0-1

[Event "Live Chess"]
[Site "Chess.com"]
[Date "2021.05.21"]
[Round "2"]
[White "mu3tang"]
[Black "NXBex"]
[Result "0-1"]
[CurrentPosition "8/1k6/p7/Pp3R2/2pP2p1/2P3Pp/5PbK/7r w - -"]
[Timezone "UTC"]
[ECO "C18"]
[ECOUrl "https://www.chess.com/openings/French-Defense-Winawer-Advance-Variation...5.a3-Bxc3-6.bxc3-Qa5"]
[UTCDate "2021.05.21"]
[UTCTime "01:31:20"]
[WhiteElo "1765"]
[BlackElo "1416"]
[TimeControl "3600+5"]
[Termination "NXBex won by checkmate"]
[StartTime "01:31:20"]
[EndDate "2021.05.21"]
[EndTime "03:06:55"]
[Link "https://www.chess.com/game/live/15299573325"]

1. e4 e6 2. d4 d5 3. Nc3 Bb4 4. e5 c5 5. a3 Bxc3+ 6. bxc3 Qa5 7. Bd2 Qa4 8. Nf3 Nc6 9. Be3 c4 10. Be2 h6 11. O-O Nge7 12. h3 Bd7 13. Qd2 O-O-O 14. Rfb1 Rdg8 15. h4 Rf8 16. Ra2 b6 17. Raa1 Be8 18. g3 Nf5 19. Bf4 Nfe7 20. Nh2 Ng6 21. Nf1 Nxf4 22. Qxf4 Qxc2 23. Qe3 Rfg8 24. Bd1 Qh7 25. Ba4 g5 26. h5 g4 27. Bxc6 Bxc6 28. a4 Qf5 29. a5 b5 30. Rb4 a6 31. Re1 Qxh5 32. Qf4 Qg6 33. Nh2 h5 34. Rf1 h4 35. Rb2 h3 36. Re2 Rh7 37. Re3 Qg5 38. Qxg5 Rxg5 39. Rfe1 Bd7 40. R1e2 Rhg7 41. Re1 Rf5 42. R1e2 f6 43. exf6 Rxf6 44. Re5 Rf5 45. Rxf5 exf5 46. Re5 Kb7 47. Rxd5 Re7 48. Kf1 Bc6 49. Rxf5 Bg2+ 50. Kg1 Re1+ 51. Nf1 Rxf1+ 52. Kh2 Rh1# 0-1

[Event "Live Chess"]
[Site "Chess.com"]
[Date "2021.05.21"]
[Round "2"]
[White "hip_hop_99"]
[Black "swimgrass"]
[Result "1-0"]
[CurrentPosition "8/3P4/1p6/7k/P3K2P/1P6/8/8 b - -"]
[Timezone "UTC"]
[ECO "E00"]
[ECOUrl "https://www.chess.com/openings/Queens-Gambit-Declined-Catalan-Opening"]
[UTCDate "2021.05.21"]
[UTCTime "01:31:25"]
[WhiteElo "1659"]
[BlackElo "1363"]
[TimeControl "3600+5"]
[Termination "hip_hop_99 won by resignation"]
[StartTime "01:31:25"]
[EndDate "2021.05.21"]
[EndTime "02:35:27"]
[Link "https://www.chess.com/game/live/15299573607"]

1. d4 d5 2. c4 e6 3. Nf3 Nf6 4. g3 Be7 5. Bg2 c6 6. O-O O-O 7. Nc3 Nbd7 8. b3 b6 9. cxd5 cxd5 10. Bf4 Bb7 11. Nb5 Rc8 12. Nxa7 Ra8 13. Nb5 Ne4 14. Bc7 Qe8 15. a4 Bc6 16. Qd3 Bxb5 17. Qxb5 Bd8 18. Rac1 Bxc7 19. Rxc7 Nef6 20. Rfc1 Rb8 21. Nd2 Qe7 22. e4 Rfd8 23. exd5 exd5 24. Bxd5 Nxd5 25. Qxd5 Nf6 26. Rxe7 Rxd5 27. Nf3 h6 28. Rcc7 Rf8 29. Rb7 Rd6 30. Kf1 Nd5 31. Red7 Rxd7 32. Rxd7 Nc3 33. Rb7 Nd5 34. Ne5 Kh8 35. Nxf7+ Kg8 36. Ne5 Ne3+ 37. Ke2 Nc2 38. Nc6 Re8+ 39. Kd2 Ne1 40. Ne7+ Kf8 41. Kxe1 Rxe7+ 42. Rxe7 Kxe7 43. Kd2 Kd6 44. f4 Kd5 45. Kd3 g5 46. fxg5 hxg5 47. h4 gxh4 48. gxh4 Ke6 49. Ke4 Kf6 50. d5 Kg6 51. d6 Kh5 52. d7 1-0

[Event "Live Chess"]
[Site "Chess.com"]
[Date "2021.05.21"]
[Round "2"]
[White "Charris62606"]
[Black "jacobchess857"]
[Result "0-1"]
[CurrentPosition "7k/1P4p1/5p1p/8/4p1P1/Q1p5/3rK3/6q1 w - -"]
[Timezone "UTC"]
[ECO "C50"]
[ECOUrl "https://www.chess.com/openings/Giuoco-Piano-Game-Giuoco-Pianissimo-Italian-Four-Knights-Variation"]
[UTCDate "2021.05.21"]
[UTCTime "01:31:22"]
[WhiteElo "1017"]
[BlackElo "1612"]
[TimeControl "3600+5"]
[Termination "jacobchess857 won by checkmate"]
[StartTime "01:31:22"]
[EndDate "2021.05.21"]
[EndTime "02:41:32"]
[Link "https://www.chess.com/game/live/15299573859"]

1. e4 e5 2. Nf3 Nc6 3. Bc4 Bc5 4. Nc3 Nf6 5. d3 h6 6. O-O O-O 7. Nd5 d6 8. c3 Bg4 9. h3 Bh5 10. a4 a6 11. b4 Ba7 12. b5 axb5 13. axb5 Nxd5 14. bxc6 Ne7 15. cxb7 Bxf2+ 16. Rxf2 Rxa1 17. Rb2 Qb8 18. g4 Bg6 19. Kf2 c6 20. Qc2 Ra7 21. Qb1 Rd8 22. Be3 c5 23. d4 exd4 24. cxd4 d5 25. Bd3 c4 26. Bc2 dxe4 27. Ne5 c3 28. Rb5 f6 29. Qb3+ Kh8 30. Nf7+ Bxf7 31. Qxf7 Qh2+ 32. Kf1 Ra1+ 33. Rb1 Qxh3+ 34. Ke2 Qf3+ 35. Ke1 Qxe3+ 36. Kf1 Qf3+ 37. Ke1 Rxb1+ 38. Bxb1 Qh1+ 39. Ke2 Qxb1 40. Qxe7 Qd3+ 41. Ke1 Qxd4 42. Qa3 Qg1+ 43. Ke2 Rd2# 0-1

[Event "Live Chess"]
[Site "Chess.com"]
[Date "2021.05.21"]
[Round "2"]
[White "sfdeals"]
[Black "boozerrip"]
[Result "1-0"]
[CurrentPosition "2R2bk1/5p1p/p5pB/1p6/3Pq3/P5P1/1P3P1P/3R2K1 b - -"]
[Timezone "UTC"]
[ECO "A22"]
[ECOUrl "https://www.chess.com/openings/English-Opening-Two-Knights-Variation-3.Nf3"]
[UTCDate "2021.05.21"]
[UTCTime "01:31:29"]
[WhiteElo "1494"]
[BlackElo "1350"]
[TimeControl "3600+5"]
[Termination "sfdeals won by resignation"]
[StartTime "01:31:29"]
[EndDate "2021.05.21"]
[EndTime "02:45:56"]
[Link "https://www.chess.com/game/live/15299574191"]

1. c4 e5 2. Nc3 Nf6 3. Nf3 d6 4. g3 c5 5. Bg2 Nc6 6. d3 g6 7. O-O Bg7 8. e3 Be6 9. a3 O-O 10. Rb1 d5 11. cxd5 Nxd5 12. Bd2 a6 13. Qc2 Qc7 14. Nxd5 Bxd5 15. Qxc5 Rfd8 16. Rbc1 e4 17. Nd4 b6 18. Qc3 Qb7 19. dxe4 Nxd4 20. exd4 Bxe4 21. Bxe4 Qxe4 22. Be3 b5 23. Rfd1 Rac8 24. Qxc8 Rxc8 25. Rxc8+ Bf8 26. Bh6 1-0

[Event "Live Chess"]
[Site "Chess.com"]
[Date "2021.05.21"]
[Round "2"]
[White "kevin_mx_sun"]
[Black "vincitore51745"]
[Result "1-0"]
[CurrentPosition "5Rrk/1p5p/p3p3/2p1Q3/P7/3P4/1PP2K1P/R7 b - -"]
[Timezone "UTC"]
[ECO "B23"]
[ECOUrl "https://www.chess.com/openings/Sicilian-Defense-Grand-Prix-Attack-3...e6"]
[UTCDate "2021.05.21"]
[UTCTime "01:31:32"]
[WhiteElo "1491"]
[BlackElo "581"]
[TimeControl "3600+5"]
[Termination "kevin_mx_sun won by checkmate"]
[StartTime "01:31:32"]
[EndDate "2021.05.21"]
[EndTime "02:06:19"]
[Link "https://www.chess.com/game/live/15299574923"]

1. e4 c5 2. Nc3 e6 3. f4 Nc6 4. Nf3 d6 5. Bb5 Bd7 6. O-O a6 7. Bxc6 Bxc6 8. d3 Nf6 9. a4 Be7 10. Qe1 O-O 11. e5 dxe5 12. Nxe5 Qc7 13. Nxc6 Qxc6 14. f5 Rfe8 15. fxe6 fxe6 16. Qg3 Nh5 17. Qh3 g6 18. Re1 Nf4 19. Bxf4 Bf6 20. Be5 Rf8 21. Bxf6 Rxf6 22. Ne4 Rf5 23. Rf1 Rh5 24. Nf6+ Kg7 25. Nxh5+ gxh5 26. Qxh5 Kh8 27. Rf7 Qxg2+ 28. Kxg2 Rg8+ 29. Kf2 Rg7 30. Rf8+ Rg8 31. Qe5# 1-0

[Event "Live Chess"]
[Site "Chess.com"]
[Date "2021.05.21"]
[Round "2"]
[White "andrejsg"]
[Black "Loltheawesomedude"]
[Result "0-1"]
[CurrentPosition "2r3k1/p4pp1/1p1p3p/3Bp3/PP2P3/3P1n1q/3Q1P2/2R3K1 w - -"]
[Timezone "UTC"]
[ECO "B23"]
[ECOUrl "https://www.chess.com/openings/Sicilian-Defense-Closed-Traditional-Line-3.Nf3"]
[UTCDate "2021.05.21"]
[UTCTime "01:31:47"]
[WhiteElo "826"]
[BlackElo "1487"]
[TimeControl "3600+5"]
[Termination "Loltheawesomedude won by checkmate"]
[StartTime "01:31:47"]
[EndDate "2021.05.21"]
[EndTime "02:27:36"]
[Link "https://www.chess.com/game/live/15299575139"]

1. e4 c5 2. Nf3 Nc6 3. Nc3 e5 4. Bc4 h6 5. d3 Nf6 6. O-O Be7 7. b3 O-O 8. a4 d6 9. Bb2 Bg4 10. h3 Bh5 11. Nd5 Nxd5 12. Bxd5 Rc8 13. Qd2 Bxf3 14. gxf3 Bg5 15. Qe2 Bf4 16. Bc1 Nd4 17. Qd1 Bxc1 18. Rxc1 Qf6 19. Kg2 b6 20. c3 Nc6 21. b4 cxb4 22. cxb4 Nd4 23. Rxc8 Rxc8 24. Qd2 Qxf3+ 25. Kg1 Qxh3 26. Rc1 Nf3# 0-1